 Dungeon Sprint DCSS version 0.31-a0-149-g3fdcc5976a (webtiles) character file.

Game seed: 13691115726137826414

15395 Darkkill the Warrior (level 12, -4/195 HPs)
             Began as a Purple Draconian Monk on June 7, 2023.
             Was a Priest of Trog.
             Slain by a komodo dragon (21 damage)
             ... in the Dungeon (Sprint VII: "The Pits").
             The game lasted 00:12:14 (2856 turns).

Darkkill the Warrior (Purple Draconian Monk)        Turns: 2856, Time: 00:12:15

Health: -4/195     AC: 11    Str: 18    XL:     12   Next: 0%
Magic:  12/12      EV: 20    Int: 11    God:    Trog [***...]
Gold:   18         SH:  0    Dex: 14    Spells: 11/11 levels left

rFire   . . .        o - +2 dire flail of Dried Tears {heavy, Will++}
rCold   . . .        (shield currently unavailable)
rNeg    . . .        (body armour unavailable)
rPois   .            (helmet restricted)
rElec   .            (no cloak)
rCorr   .            (no gloves)
SInv    +            (no boots)
Will    +++..        (no amulet) Stlth
                     c - +3 ring of protection
HPRegen 0.52/turn    t - ring of see invisible
MPRegen 0.13/turn

%: no teleportation
@: berserking, short of breath, very quick
A: breathe power, AC +8, unfitting armour, cold-blooded
a: Breathe Dispelling Energy, Renounce Religion, Berserk, Trog's Hand


You were in the Dungeon.
You worshipped Trog.
Trog was most pleased with you.
You visited 1 branch You collected 18 gold pieces.

Inventory:

Hand Weapons
 o - the +2 dire flail of Dried Tears (weapon) {heavy, Will++}
   (You found it in the Dungeon)

   Will:      It greatly increases your willpower.
Missiles
 d - 3 throwing nets {=f !f}
 i - a boomerang
 k - 10 stones
 n - 2 poisoned darts
 v - 6 javelins
Jewellery
 c - a +3 ring of protection (left hand)
 t - a ring of see invisible (right hand)
Scrolls
 l - 5 scrolls of amnesia
 m - 5 scrolls of enchant armour
 r - 3 scrolls of fog
Potions
 a - 2 potions of invisibility
 b - a potion of ambrosia
 e - 3 potions of might
 f - 3 potions of haste
 g - 4 potions of magic
 h - 2 potions of berserk rage
 p - a potion of enlightenment {unknown}


   Skills:
 + Level 19.6 Fighting
 + Level 17.9 Long Blades
 + Level 16.5 Dodging


You had 11 spell levels left.
You didn't know any spells.
Your spell library was empty.

Dungeon Overview and Level Annotations

Branches:
Dungeon (1/1)

Altars:
Ashenzari
Cheibriados
Dithmenos
Elyvilon
Fedhas
Gozag
Hepliaklqana
Kikubaaqudgha
Makhleb
Nemelex Xobeh
Okawaru
Qazlal
Ru
Sif Muna
Trog
Uskayaw
Vehumet
Wu Jian
Xom
Yredelemnul
Zin
The Shining One
Jiyva
Lugonu


Innate Abilities, Weirdness & Mutations

You can breathe bolts of dispelling energy.
Your rich purple scales are hard. (AC +8)
You cannot fit into any form of body armour.
You are cold-blooded and may be slowed by cold attacks.


Message History

The tarantella completely misses you.
The fire elemental completely misses you.
Your ogre closely misses the tarantella.
The fire elemental closely misses your ogre.
Your ogre hits the tarantella with a +0 giant club!
The tarantella closely misses you.
You closely miss the tarantella.
The tarantella is severely wounded.
Your ogre hits the tarantella with a +0 giant club!!
The tarantella dies!
Trog accepts your kill. The fire elemental hits you.
The fire elemental burns you!
Your ogre hits the fire elemental with a +0 giant club!!
The fire elemental is destroyed!
Trog accepts your kill.
You have reached level 12!
You feel agile.
Your scales feel tougher.
Your ogre rages.
You see here a tarantella corpse.
Really walk into that cloud of flame? [Y]es or [N]o only, please.
Really walk into that cloud of flame?
Okay, then.
You start resting.
Your ogre rages. x3
Your ogre is no longer berserk.
Your ogre disappears in a puff of smoke!
HP restored. 3 orcs, a rakshasa and a komodo dragon come into view.
An orc is wielding a +0 dagger and quivering silver boomerangs.
The orc wizard shouts!
The komodo dragon hisses angrily.
Aiming: Breathe Dispelling Energy (2% risk of failure)
Press: ? - help, Shift-Dir - straight line, f - orc wizard
Aim: an orc wizard, wielding a +0 dagger and wearing a +0 robe (50% to hit)
You breathe a bolt of dispelling energy.
The bolt of dispelling energy misses the orc.
The bolt of dispelling energy hits the orc priest!
The orc priest is heavily wounded.
The orc priest shouts!
The bolt of dispelling energy hits the orc wizard.
The orc wizard is lightly wounded.
The bolt of dispelling energy hits the komodo dragon!
The komodo dragon is moderately wounded.
The orc shouts!
The orc wizard gestures wildly while chanting.
The orc wizard flickers and vanishes for a moment.
The orc throws a silver boomerang.
The silver boomerang misses you.
Okay, then.
Unknown command.
The rakshasa hits you with a +0 long sword!
The orc wizard casts a spell at you.
The magic dart hits you but does no damage.
The orc priest miscasts a cantrip.
The orc hits you with a +0 dagger.
The orc priest hits you but does no damage.
The rakshasa hits you with a +0 long sword!
You bludgeon the rakshasa!!
The rakshasa is moderately wounded.
The komodo dragon bites you!! The rakshasa misses you.
The orc completely misses you. The orc priest completely misses you.
The komodo dragon closely misses you. The orc priest misses you.
The rakshasa misses you. The orc hits you but does no damage.
The komodo dragon attacks as you move away!
The komodo dragon bites you!! The orc hits you but does no damage.
The rakshasa weaves an illusion.
The orc priest shimmers and seems to become two!
You closely miss the orc.
The komodo dragon completely misses you.
The rakshasa closely misses you. The orc misses you.
The komodo dragon completely misses you.
The orc completely misses you.
The rakshasa hits you with a +0 long sword!
You barely miss the orc. You tail-slap the orc.
The orc is lightly wounded.
The komodo dragon bites you but does no damage.
The rakshasa misses you. The orc completely misses you.
The orc priest mumbles some strange prayers to Beogh against you.
Beogh smites you!
The orc priest mumbles some strange prayers to Beogh against you.
Beogh smites you!
* * * LOW HITPOINT WARNING * * *
The komodo dragon barely misses you.
The rakshasa hits you with a +0 long sword!
* * * LOW HITPOINT WARNING * * *
The orc hits you but does no damage.
The orc priest calls upon Beogh to heal the orc priest.
The orc priest's wounds heal themselves!
A red film seems to cover your vision as you go berserk!
You feel yourself moving faster!
You feel mighty!
The komodo dragon bites you but does no damage.
The rakshasa hits you with a +0 long sword!
* * * LOW HITPOINT WARNING * * *
The orc hits you but does no damage.
The orc priest invokes the aid of Beogh against you.
Beogh smites you!
* * * LOW HITPOINT WARNING * * *
You impale the komodo dragon!!
The komodo dragon is almost dead.
The komodo dragon bites you!!
You die...

#################+#
..................#
..†...............#
++##############@o#
#lR# #oo# #o.# #..#
#..# #..# #..# #..#


You could see a rakshasa, a komodo dragon, 2 orc priests, an orc wizard
(invisible) and an orc.

Vanquished Creatures
  A merfolk impaler (D)
  A rakshasa (D)
  A harpy (D)
  A merfolk siren (D)
  A kobold demonologist (D)
  A troll (D)
  A guardian mummy (D)
  A merfolk (D)
  A polar bear (D)
  A steam dragon (D)
  A redback (D)
  A warg (D)
  An acid dragon (D)
  2 floating eyes (D)
  3 black bears (D)
  An ogre (D)
  An orc warrior (D)
  2 bullfrogs (D)
  A scorpion (D)
  A crimson imp (D)
  A hound (D)
  A gnoll bouda (D)
  Jessica (D)
  4 gnolls (D)
  An adder zombie (D)
  An orc (D)
  A ball python (D)
  An endoplasm (D)
  4 jackals (D)
  2 quokkas (D)
  A frilled lizard (D)
  2 quokka zombies (D)
44 creatures vanquished.

Vanquished Creatures (collateral kills)
  A two-headed ogre (D)
  Erica (D)
  A boulder beetle (D)
  A death yak (D)
  A demonic crawler (D)
  A sixfirhy (D)
  A deep troll (D)
  2 harpies (D)
  A deep elf pyromancer (D)
  A phantasmal warrior (D)
  An orc knight (D)
  A wolf spider (D)
  A cyclops (D)
  A deep elf zephyrmancer (D)
  An orc sorcerer (D)
  A cane toad (D)
  A freezing wraith (D)
  A red devil (D)
  A guardian mummy (D)
  A troll (D)
  A hornet (D)
  A merfolk (D)
  A tarantella (D)
  A ynoxinul (D)
  A fire elemental (D)
  Eustachio (D)
  A steam dragon (D)
  A redback (D)
  Menkaure (D)
  3 orc warriors (D)
  A swamp drake (D)
  An ice beast (D)
  Pargi (D)
  An orc priest (D)
  A hell rat (D)
  An ufetubus (D)
  An orc (D)
  A ball python (D)
  A frilled lizard (D)
42 creatures vanquished.

Grand Total: 86 creatures vanquished

Notes
Turn   | Place    | Note
-------+----------+-------------------------------------------
     0 | D        | Darkkill the Draconian Monk began the quest for the Orb.
     0 | D        | Reached XP level 1. HP: 19/19 MP: 1/1
    27 | D        | Reached skill level 4 in Fighting
    62 | D        | Found a bloodstained altar of Trog.
    62 | D        | Found a shimmering blue altar of Sif Muna.
    62 | D        | Found a viscous altar of Jiyva.
    62 | D        | Found a hazy altar of Hepliaklqana.
    62 | D        | Found an opulent altar of Gozag.
    63 | D        | Found a glowing golden altar of the Shining One.
    63 | D        | Found a glowing silver altar of Zin.
    63 | D        | Found a basalt altar of Yredelemnul.
    63 | D        | Found a shimmering altar of Xom.
    63 | D        | Found an ornate altar of the Wu Jian Council.
    63 | D        | Found a sacrificial altar of Ru.
    63 | D        | Found a stormy altar of Qazlal.
    63 | D        | Found an iron altar of Okawaru.
    63 | D        | Found a sparkling altar of Nemelex Xobeh.
    63 | D        | Found a burning altar of Makhleb.
    63 | D        | Found a blossoming altar of Fedhas.
    63 | D        | Found a white marble altar of Elyvilon.
    63 | D        | Found a shadowy altar of Dithmenos.
    63 | D        | Found a snail-covered altar of Cheibriados.
    65 | D        | Found a radiant altar of Vehumet.
    65 | D        | Found a corrupted altar of Lugonu.
    67 | D        | Found an ancient bone altar of Kikubaaqudgha.
    67 | D        | Found a hide-covered altar of Uskayaw.
    67 | D        | Found a broken altar of Ashenzari.
    77 | D        | Became a worshipper of Trog the Wrathful
    77 | D        | Reached * piety under Trog
    77 | D        | Reached ** piety under Trog
    97 | D        | Reached XP level 2. HP: 20/27 MP: 2/2
   125 | D        | Noticed a floating eye
   128 | D        | Killed a floating eye
   129 | D        | Reached skill level 6 in Fighting
   129 | D        | Reached skill level 5 in Dodging
   129 | D        | Reached XP level 3. HP: 38/38 MP: 3/3
   129 | D        | Reached XP level 4. HP: 45/45 MP: 4/4
   132 | D        | Reached *** piety under Trog
   141 | D        | Noticed a floating eye
   144 | D        | Paralysed by a floating eye for 3 turns
   148 | D        | Paralysed by a floating eye for 2 turns
   150 | D        | Killed a floating eye
   151 | D        | Reached skill level 8 in Fighting
   151 | D        | Reached XP level 5. HP: 50/53 MP: 5/5
   165 | D        | Reached XP level 6. HP: 59/62 MP: 6/6
   176 | D        | Reached **** piety under Trog
   243 | D        | Reached skill level 9 in Fighting
   251 | D        | Reached skill level 10 in Fighting
   251 | D        | Your scales start taking on a rich purple colour.
   251 | D        | Reached XP level 7. HP: 47/72 MP: 7/7
   263 | D        | Reached ***** piety under Trog
   400 | D        | Noticed a merfolk siren
   411 | D        | Killed a merfolk siren
   412 | D        | Reached skill level 11 in Fighting
   412 | D        | Reached skill level 10 in Long Blades
   420 | D        | Reached XP level 8. HP: 60/83 MP: 8/8
   420 | D        | Received a gift from Trog
   427 | D        | Reached skill level 12 in Fighting
   427 | D        | Reached skill level 10 in Dodging
   518 | D        | Noticed a kobold demonologist
   523 | D        | Noticed a sixfirhy
   524 | D        | Noticed a hellwing
   529 | D        | Killed a kobold demonologist
   537 | D        | HP: 19/127 [steam dragon] (10)]
   557 | D        | Received a gift from Trog
   579 | D        | Got the +2 dire flail of Dried Tears {heavy, Will++}
   786 | D        | Noticed Menkaure
   786 | D        | Noticed a deep elf zephyrmancer
   788 | D        | Killed a deep elf zephyrmancer
   789 | D        | Reached skill level 13 in Fighting
   789 | D        | Reached XP level 9. HP: 93/93 MP: 3/9
   791 | D        | Noticed an orc sorcerer
   791 | D        | Killed Menkaure
   792 | D        | Noticed an orange demon
   799 | D        | Killed an orc sorcerer
   799 | D        | Received a gift from Trog
   800 | D        | Reached skill level 14 in Fighting
   806 | D        | Noticed a freezing wraith
   806 | D        | Noticed Pargi
   809 | D        | Killed a freezing wraith
   813 | D        | Killed Pargi
   820 | D        | Noticed an orc knight
   832 | D        | Killed an orc knight
   837 | D        | HP: 17/96 [orc warrior/+1 heavy dire flail[an orc knight]
                  | (38)]
   842 | D        | Reached skill level 15 in Fighting
   844 | D        | Received a gift from Trog
   846 | D        | Reached XP level 10. HP: 45/105 MP: 3/10
   861 | D        | Noticed a cane toad
   879 | D        | Paralysed by a hornet for 2 turns
   880 | D        | HP: 17/106 [hornet (12)]
   884 | D        | Noticed a cyclops
   892 | D        | Killed a cane toad
   933 | D        | Reached skill level 16 in Fighting
   995 | D        | Noticed Eustachio
  1013 | D        | HP: 16/107 [cyclops (25)]
  1016 | D        | Killed Eustachio
  1018 | D        | Killed a cyclops
  1211 | D        | Reached ****** piety under Trog
  1211 | D        | Received a gift from Trog
  1326 | D        | Noticed Jessica
  1327 | D        | Noticed a death yak
  1327 | D        | Noticed a wolf spider
  1327 | D        | Noticed a demonic crawler
  1329 | D        | Noticed a deep elf pyromancer
  1334 | D        | Killed a deep elf pyromancer
  1335 | D        | Reached skill level 15 in Long Blades
  1340 | D        | Killed a wolf spider
  1341 | D        | Killed a demonic crawler
  1342 | D        | Reached skill level 17 in Fighting
  1345 | D        | Killed Jessica
  1348 | D        | Killed a death yak
  1349 | D        | Reached XP level 11. HP: 48/117 MP: 3/11
  1358 | D        | Noticed a phantasmal warrior
  1362 | D        | Killed a phantasmal warrior
  1362 | D        | Received a gift from Trog
  1384 | D        | Noticed a deep troll
  1384 | D        | Noticed a sixfirhy
  1384 | D        | Noticed a harpy
  1384 | D        | Noticed a harpy
  1385 | D        | Noticed a harpy
  1388 | D        | Killed a sixfirhy
  1389 | D        | Killed a harpy
  1390 | D        | Reached skill level 18 in Fighting
  1390 | D        | Reached skill level 15 in Dodging
  1393 | D        | Killed a harpy
  1398 | D        | Killed a harpy
  1399 | D        | Killed a deep troll
  1407 | D        | Noticed a two-headed ogre
  1413 | D        | Killed a two-headed ogre
  1624 | D        | Noticed Erica
  1625 | D        | Noticed a boulder beetle
  1635 | D        | HP: 23/121 [Erica/+3 scimitar of flaming (5)]
  1635 | D        | HP: 4/121 [boulder beetle (19)]
  1635 | D        | Killed Erica
  1665 | D        | Killed a boulder beetle
  2006 | D        | Noticed a merfolk impaler
  2010 | D        | HP: 23/121 [merfolk/+0 spear[a merfolk impaler] (9)]
  2017 | D        | Reached skill level 19 in Fighting
  2018 | D        | HP: 21/122 [merfolk impaler/+0 trident (15)]
  2028 | D        | Killed a merfolk impaler
  2053 | D        | HP: 23/123 [merfolk/+0 halberd[a merfolk impaler] (8)]
  2338 | D        | Noticed a rakshasa
  2353 | D        | Killed a rakshasa
  2392 | D        | HP: 22/123 [acid dragon/splash of acid (18)]
  2673 | D        | Reached XP level 12. HP: 64/130 MP: 12/12
  2846 | D        | Noticed a rakshasa
  2855 | D        | HP: 32/195 [rakshasa/+0 long sword (13)]
  2856 | D        | Slain by a komodo dragon

Illustrated notes

Levels and vault maps discovered:
D:        pitsprint [storerooms_1, entrance_room_1, metal_vault_5, armoury_1,
          mini_pit_1, grid_room_1, main_hall_1, silver_pit, the_coven_1,
          the_vestibule_1, steel_vault_1, golden_pit, hallway_of_sentries,
          crystal_vault_6, iron_vault_4, final_vault]

Skill      XL: |  1  2  3  4  5  6  7  8  9 10 11 |
---------------+----------------------------------+-----
Dodging        | 3 5 6 7 8 9 11 12 14 16 | 16.5
Fighting       | 4 6 8 10 11 13 15 17 19 | 19.6
Long Blades    | 6 7 9 10 12 13 15 17 | 17.9

Action                     |  1- 3 |  4- 6 |  7- 9 | 10-12 || total
---------------------------+-------+-------+-------+-------++-------
  Melee: Falchion          |    11 |       |       |       ||    11
         Trident           |     9 |    30 |    33 |       ||    72
         Tailslap          |     3 |     4 |    10 |    16 ||    33
         Executioner's axe |       |       |    31 |    49 ||    80
         Dire flail        |       |       |       |    17 ||    17
 Invoke: Brothers in Arms  |       |       |     3 |    12 ||    15
Ability: Breathe Dispellin |       |       |       |     4 ||     4
  Evoke: Wand              |       |       |       |     5 ||     5
    Use: Potion            |     1 |     1 |     7 |    16 ||    25
         Scroll            |       |       |     1 |     6 ||     7
   Stab: Distracted        |       |       |       |     1 ||     1
 Armour: Skin              |    11 |    13 |    38 |    48 ||   110
  Dodge: Dodged            |    27 |    27 |   151 |   201 ||   406

Table legend: (Time is in decaauts)
 A = Elapsed time spent in this place.
 B = Non-inter-level travel time spent in this place.
 C = Inter-level travel time spent in this place.
 D = Time resting spent in this place.
 E = Time spent auto-exploring this place.
 F = Levels seen in this place.
 G = Mean time per level.
                   A        B        C        D        E       F      G
               +--------+--------+--------+--------+--------+-----+--------+
         Total |   3006 |   2868 |    138 |   1583 |    204 |   1 | 3006.0 |
       Dungeon |   3006 |   2868 |    138 |   1583 |    204 |   1 | 3006.0 |
               +--------+--------+--------+--------+--------+-----+--------+

Top non-repeatable levels by time:
       D: 3006 daAuts

Levels and vault maps discovered:
D:        pitsprint [storerooms_1, entrance_room_1, metal_vault_5, armoury_1,
          mini_pit_1, grid_room_1, main_hall_1, silver_pit, the_coven_1,
          the_vestibule_1, steel_vault_1, golden_pit, hallway_of_sentries,
          crystal_vault_6, iron_vault_4, final_vault]

Table legend: (Time is in decaauts)
 A = Elapsed time spent in this place.
 B = Non-inter-level travel time spent in this place.
 C = Inter-level travel time spent in this place.
 D = Time resting spent in this place.
 E = Time spent auto-exploring this place.
 F = Levels seen in this place.
 G = Mean time per level.
                   A        B        C        D        E       F      G
               +--------+--------+--------+--------+--------+-----+--------+
         Total |   3006 |   2868 |    138 |   1583 |    204 |   1 | 3006.0 |
       Dungeon |   3006 |   2868 |    138 |   1583 |    204 |   1 | 3006.0 |
               +--------+--------+--------+--------+--------+-----+--------+

Top non-repeatable levels by time:
       D: 3006 daAuts

Table legend:
 A = Kills in this place as a percentage of kills in the entire game.
 B = Kills by you in this place as a percentage of kills by you in the entire game.
 C = Kills by friends in this place as a percentage of kills by friends in the entire game.
 D = Other kills in this place as a percentage of other kills in the entire game.
 E = Experience gained in this place as a percentage of experience gained in the entire game.
 F = Experience gained in this place divided by the number of levels of this place that you have seen.
                   A       B       C       D       E      F
               +-------+-------+-------+-------+-------+----------------------
         Total | 100.0 | 100.0 | 100.0 |   N/A | 100.0 | 21994.0
       Dungeon | 100.0 | 100.0 | 100.0 |   N/A | 100.0 | 21994.0
               +-------+-------+-------+-------+-------+----------------------
